 Dungeon Crawl Stone Soup version 0.32-a0-33-g74fbe469d6 (webtiles) character file.

Game seed: 8078359394634607001

28 whatisthis the Vexing (level 3, 0/28 HPs)
             Began as a Gnoll Hexslinger on Jan 21, 2024.
             Slain by a kobold
             ... wielding a +2 short sword of venom
              (2 damage)
             ... on level 1 of the Dungeon.
             The game lasted 00:01:24 (331 turns).

whatisthis the Vexing (Gnoll Hexslinger)             Turns: 331, Time: 00:01:24

Health: 0/28       AC:  2    Str:  9    XL:     3   Next: 12%
Magic:  7/7        EV: 13    Int: 12    God:
Gold:   51         SH:  0    Dex: 14    Spells: 7/7 levels left

rFire   . . .        a - +1 sling
rCold   . . .        (no shield)
rNeg    . . .        c - +0 robe
rPois   .            (no helmet)
rElec   .            (no cloak)
rCorr   .            (no gloves)
SInv    .            (no boots)
Will    .....        (no amulet)
Stlth   ++           (no ring)
HPRegen 0.24/turn    (no ring)
MPRegen 0.10/turn

%: no passive effects
@: lethally poisoned (0 -> -6)
A: fangs 1, strong nose, distributed training
a: no special abilities


You were on level 1 of the Dungeon.
You visited 1 branch of the dungeon, and saw 1 of its levels.

You collected 51 gold pieces.

Inventory:

Hand Weapons
 a - a +1 sling (weapon)
Missiles
 f - 5 boomerangs
Armour
 c - a +0 robe (worn)
Scrolls
 b - a scroll of poison
 e - a scroll of teleportation {unknown}
Potions
 d - a potion of ambrosia {unknown}
 g - a potion of brilliance {unknown}


   Skills:
 + Level 2.6 Fighting
 + Level 0.7 Short Blades
 + Level 0.7 Long Blades
 + Level 0.7 Axes
 + Level 0.7 Maces & Flails
 + Level 0.7 Polearms
 + Level 0.7 Staves
 + Level 4.5 Ranged Weapons
 + Level 0.7 Throwing
 + Level 0.7 Armour
 + Level 4.5 Dodging
 + Level 0.7 Stealth
 + Level 0.7 Shields
 + Level 0.7 Unarmed Combat
 + Level 2.8 Spellcasting
 + Level 0.5 Conjurations
 + Level 5.4 Hexes
 + Level 0.5 Summonings
 + Level 0.5 Necromancy
 + Level 0.5 Translocations
 + Level 2.1 Fire Magic
 + Level 0.5 Ice Magic
 + Level 0.5 Air Magic
 + Level 0.5 Earth Magic
 + Level 0.5 Alchemy
 + Level 0.9 Invocations
 + Level 0.7 Evocations
 + Level 0.6 Shapeshifting


You had 7 spell levels left.
You didn't know any spells.
Your spell library contained the following spells:

 Spells                   Type           Power      Damage    Failure   Level
 Jinxbite                 Hex            28%        N/A       4%          2
 Sigil of Binding         Hex            14%        N/A       9%          3
 Inner Flame              Hex/Fire       10%        N/A       16%         3
 Cause Fear               Hex            7%         N/A       26%         4
 Dimensional Bullseye     Hex/Tloc       4%         N/A       58%         4


Dungeon Overview and Level Annotations

Branches:
Dungeon (1/15)

Altars:


Innate Abilities, Weirdness & Mutations

You have very sharp teeth.
Your uncanny sense of smell can sniff out nearby items.
Your experience applies equally to all skills.


Message History

The kobold hits you with a +2 short sword of venom.
Fire: a) +1 sling
Press: ? - help, Q - select action, (/) - cycle Shift-Dir - straight line, f/p - kobold
Aim: a kobold, wielding a +2 short sword of venom and quivering stones (53% to hit)
You shoot a sling bullet.
The sling bullet hits the kobold but does no damage.
The kobold barely misses you.
Fire: a) +1 sling
Press: ? - help, Q - select action, (/) - cycle Shift-Dir - straight line, f/p - kobold
Aim: a kobold, wielding a +2 short sword of venom and quivering stones (53% to hit)
You shoot a sling bullet.
The sling bullet barely misses the kobold.
The kobold hits you with a +2 short sword of venom.
You are poisoned.
Fire: a) +1 sling
Press: ? - help, Q - select action, (/) - cycle Shift-Dir - straight line, f/p - kobold
Aim: a kobold, wielding a +2 short sword of venom and quivering stones (53% to hit)
You shoot a sling bullet.
The sling bullet barely misses the kobold.
You feel very sick.
The kobold hits you with a +2 short sword of venom.
* * * LOW HITPOINT WARNING * * *
You are lethally poisoned!
Fire: a) +1 sling
Press: ? - help, Q - select action, (/) - cycle Shift-Dir - straight line, f/p - kobold
Aim: a kobold, wielding a +2 short sword of venom and quivering stones (53% to hit)
You shoot a sling bullet.
The sling bullet closely misses the kobold.
* * * LOW HITPOINT WARNING * * *
You feel very sick. The kobold closely misses you.
Fire: a) +1 sling
Press: ? - help, Q - select action, (/) - cycle Shift-Dir - straight line, f/p - kobold
Aim: a kobold, wielding a +2 short sword of venom and quivering stones (53% to hit)
You shoot a sling bullet. The sling bullet hits the kobold.
The kobold is severely wounded.
* * * LOW HITPOINT WARNING * * *
You feel very sick.
The kobold hits you with a +2 short sword of venom.
You die...

#≈≈≈≈≈~~~~≈≈≈≈##...# #
#≈≈≈≈~~~~~≈≈≈≈# ...# .. ##
#≈≈≈≈~~~≈~≈≈≈≈# ..# #... ##.
#≈≈≈~~≈~~~≈≈≈≈####K##..... ..#..
#≈≈~~~≈~≈~~≈≈≈#..>...#..........
#≈≈≈~~≈~≈~~≈≈≈#.................
#≈≈~~≈≈~≈≈~~≈≈#)####............
#≈≈~~≈≈~≈≈~~~≈#K# #.#..........
#≈≈~~~≈~≈≈~~~≈#@####.##.........
#≈~~~~~~~≈~~~~#...##.##.........
#.............#.#.##.##.#.......
#.8.⌠⌠⌠(⌠⌠⌠.8.#.................
#.............####.###).........
###+###'###+### #.###...>#.#...
#.........# #...###....###.
#.######### ###.####.#†.... #.#
..# #....#..


You could see a kobold.

Vanquished Creatures
  A dart slug (D:1)
  3 endoplasms (D:1)
  A giant cockroach (D:1)
  3 goblins (D:1)
  5 hobgoblins (D:1)
  3 ball pythons (D:1)
  2 bats (D:1)
  A frilled lizard (D:1)
  A kobold (D:1)
  4 rats (D:1)
24 creatures vanquished.

Notes
Turn   | Place    | Note
-------+----------+-------------------------------------------
     0 | D:1      | whatisthis the Gnoll Hexslinger began the quest for the
                  | Orb.
     0 | D:1      | Reached XP level 1. HP: 17/17 MP: 4/4
   123 | D:1      | Reached XP level 2. HP: 23/23 MP: 5/5
   321 | D:1      | Reached XP level 3. HP: 16/28 MP: 7/7
   331 | D:1      | Slain by a kobold

Illustrated notes

Levels and vault maps discovered:
D:1:      zaba_arrival_water, layout_rooms, minmay_strange_pillars,
          amcnicky_mini_corridor_feature

Skill      XL: |  1 |
---------------+----+-----
Fire Magic     | 2 |  2.1
Fighting       | |  2.6
Short Blades   | |  0.7
Long Blades    | |  0.7
Axes           | |  0.7
Maces & Flails | |  0.7
Polearms       | |  0.7
Staves         | |  0.7
Ranged Weapons | |  4.5
Throwing       | |  0.7
Armour         | |  0.7
Dodging        | |  4.5
Stealth        | |  0.7
Shields        | |  0.7
Unarmed Combat | |  0.7
Spellcasting   | |  2.8
Conjurations   | |  0.5
Hexes          | |  5.4
Summonings     | |  0.5
Necromancy     | |  0.5
Translocations | |  0.5
Ice Magic      | |  0.5
Air Magic      | |  0.5
Earth Magic    | |  0.5
Alchemy        | |  0.5
Invocations    | |  0.9
Evocations     | |  0.7
Shapeshifting  | |  0.6

Action                     || total
---------------------------++-------
   Fire: Sling             ||    70
 Armour: Robe              ||    11
  Dodge: Dodged            ||    15

Table legend: (Time is in decaauts)
 A = Elapsed time spent in this place.
 B = Non-inter-level travel time spent in this place.
 C = Inter-level travel time spent in this place.
 D = Time resting spent in this place.
 E = Time spent auto-exploring this place.
 F = Levels seen in this place.
 G = Mean time per level.
                   A        B        C        D        E       F      G
               +--------+--------+--------+--------+--------+-----+--------+
         Total |    349 |    349 |      0 |     17 |    209 |   1 |  349.0 |
       Dungeon |    349 |    349 |      0 |     17 |    209 |   1 |  349.0 |
               +--------+--------+--------+--------+--------+-----+--------+

Top non-repeatable levels by time:
     D:1: 349 daAuts
